 Dungeon Crawl Stone Soup version 0.26.1-11-gd32895ea62 (webtiles) character file.

Game seed: 16860236689965052609

4713 buriedalive the Nimble (level 10, -2/56 HPs)
             Began as a Deep Elf Ice Elementalist on May 24, 2021.
             Was an Initiate of Ashenzari.
             Slain by Erica
             ... wielding a +0 scimitar of flaming
              (13 damage)
             ... on level 8 of the Dungeon.
             The game lasted 00:23:38 (12053 turns).

buriedalive the Nimble (Deep Elf Ice Elementalist) Turns: 12053, Time: 00:23:39

Health: -2/56      AC: 15    Str:  5    XL:     10   Next: 22%
Magic:  3/18       EV: 21    Int: 24    God:    Ashenzari [......]
Gold:   652        SH:  0    Dex: 15    Spells: 6/17 levels left

rFire    + . .     SeeInvis .   b - +3 dagger
rCold    + . .     Faith    .   (no shield)
rNeg     . . .     Spirit   .   o - +2 robe {rC+ rF+} (curse)
rPois    +         Reflect  .   (no helmet)
rElec    .         Harm     .   q - +2 cloak (curse)
rCorr    .         Rampage  .   (no gloves)
Will     +....                  (no boots)
Stlth    +++.......             w - amulet of regeneration (curse)
HPRegen  0.58/turn              k - ring of poison resistance (curse)
MPRegen  0.16/turn              s - ring of stealth

@: icy armour
A: no striking features
a: Renounce Religion, Curse Item


You were on level 8 of the Dungeon.
You worshipped Ashenzari.
Ashenzari was noncommittal.
You visited 2 branches of the dungeon, and saw 9 of its levels.

You collected 652 gold pieces.

Inventory:

Hand Weapons
 b - a +3 dagger (weapon)
 n - a +4 short sword
Missiles
 d - 12 poisoned darts (quivered)
 e - 142 stones
Armour
 o - a cursed +2 robe of resistance (worn)
 q - a cursed +2 cloak (worn)
 x - a +2 leather armour of willpower
Magical Staves
 a - an uncursed staff of cold
 t - an uncursed staff of conjuration
 y - an uncursed staff of earth
Jewellery
 k - a cursed ring of poison resistance (left hand)
 s - a ring of stealth (right hand)
 w - a cursed amulet of regeneration (around neck)
 C - an uncursed ring of wizardry
Wands
 f - a wand of random effects (17)
 i - a wand of acid (9)
 B - a wand of paralysis (6)
Scrolls
 c - 2 scrolls of remove curse
 g - 2 scrolls of identify
 j - 2 scrolls of teleportation
 l - a scroll of immolation
 m - a scroll of fear
 p - 2 scrolls of amnesia
 u - 2 scrolls of blinking
 z - a scroll of fog
 A - a scroll of enchant weapon
Potions
 h - 3 potions of haste
 r - a potion of curing
 v - 2 potions of cancellation


   Skills:
 + Level 3.5 Fighting
 + Level 12.6 Dodging
 - Level 2.4 Stealth
 - Level 4.0 Spellcasting
 - Level 6.0 Summonings
 + Level 9.2 Ice Magic


You had 6 spell levels left.
You knew the following spells:

 Your Spells              Type           Power        Failure   Level
a - Freeze                Ice            100%         1%          1
b - Frozen Ramparts       Ice            98%          1%          3
c - Ozocubu's Armour      Ice            49%          1%          3
d - Summon Ice Beast      Ice/Summ       41%          4%          4

Your spell library contained the following spells:

 Spells                   Type           Power        Failure   Level
 Ensorcelled Hibernation  Hex/Ice        54%          2%          2
 Corona                   Hex            4%           10%         1
 Hailstorm                Conj/Ice       27%          14%         4
 Confusing Touch          Hex            4%           28%         3
 Dazzling Flash           Conj/Hex       8%           28%         3
 Gell's Gravitas          Tloc           2%           28%         3
 Tukima's Dance           Hex            4%           28%         3
 Metabolic Englaciation   Hex/Ice        13%          38%         5
 Petrify                  Tmut/Erth      4%           67%         4
 Yara's Violent Unravell  Hex/Tmut       2%           95%         5


Dungeon Overview and Level Annotations

Branches:
Dungeon (8/15)             Temple (1/1) D:7
   Lair: D:8-11

Altars:
Ashenzari
Cheibriados
Dithmenos
Elyvilon
Fedhas
Gozag
Hepliaklqana
Makhleb
Nemelex Xobeh
Okawaru
Qazlal
Ru
Sif Muna
Trog
Uskayaw
Vehumet
Xom
Yredelemnul
Zin
The Shining One

Shops:
D:5 (

Annotations:
D:8 Erica


Message History

Erica flickers and vanishes!
Something hits you. The heat melts your icy armour.
Something closely misses you. Something hits you but does no damage.
You hear some strange, mumbled words.
Something tries to affect you, but you resist.
You hear some strange, mumbled words.
A lance of force appears from out of thin air!
The lance of force hits you!
You are knocked back by the lance of force.
You slam into the rock wall!
* * * LOW HITPOINT WARNING * * *
You hear some strange, mumbled words.
Something tries to affect you, but you resist.
You feel less confused.
You hear some strange, mumbled words.
Something tries to affect you, but you resist.
Something hits you!
You die...

#
#.##..≈≈≈.≈≈≈.......#.#####.
# #.###..........).......#
#. # #.#
##....####....###..# #. ##
##.## #..#.###.##).# #..# #.
.####...###..##...####)#
#..# #. .......(.....###.##
#.# #..# .. .####...####.#
#.# #........ .. ## ##)##
#.###.# #####.### # #.#
#.##.@# # ##.## #.##{##
#####...####.#..
.[..............
................
.......####..... .......#
#..... .......# #......
.......# .##..


There were no monsters in sight!

Vanquished Creatures
  A wizard (D:8)
  Joseph (D:8)
  Grinder (D:5)
  Sigmund (D:5)
  A steam dragon (D:8)
  Menkaure (D:5)
  3 sky beasts
  2 orc warriors
  A phantom (D:8)
  An ice beast (D:6)
  A centaur (D:6)
  3 ogres
  Blork the orc (D:5)
  5 bullfrogs
  3 scorpions
  2 howler monkeys
  5 hounds
  A bullfrog zombie (D:5)
  2 jellies
  4 orc priests
  A centaur skeleton (D:4)
  2 orc wizards
  An iguana (D:4)
  6 worker ants
  A hound skeleton (D:7)
  A howler monkey skeleton (D:5)
  3 gnolls (D:4)
  7 adders
  A shadow imp (D:6)
  3 white imps
  An ufetubus (D:4)
  3 oozes
  An adder skeleton (D:4)
  5 worms
  2 dart slugs
  5 leopard geckos
  15 orcs
  11 bats
  9 giant cockroaches
  6 goblins
  9 hobgoblins
  5 jackals
  3 quokkas
  5 frilled lizards
  A jackal skeleton (D:5)
  14 kobolds
  A quokka zombie (D:6)
  8 rats
  A spectral orc (D:5)
171 creatures vanquished.

Vanquished Creatures (collateral kills)
  An ugly thing (D:7)
  A steam dragon (D:8)
  Grum (D:8)
  An orc warrior (D:6)
  An ice beast (D:8)
  A hornet zombie (D:7)
  2 wolves (D:8)
  A big kobold (D:6)
  A centaur skeleton (D:7)
  An orc wizard (D:8)
  A worker ant (D:7)
  A hound zombie (D:8)
  An orc (D:6)
  3 kobolds (D:6)
17 creatures vanquished.

Grand Total: 188 creatures vanquished

Notes
Turn   | Place    | Note
-------+----------+-------------------------------------------
     0 | D:1      | buriedalive the Deep Elf Ice Elementalist began the quest
                  | for the Orb.
     0 | D:1      | Reached XP level 1. HP: 10/10 MP: 6/6
   279 | D:1      | Reached XP level 2. HP: 15/15 MP: 8/8
   500 | D:1      | Reached skill level 3 in Dodging
  1070 | D:1      | Reached XP level 3. HP: 8/19 MP: 5/10
  2105 | D:2      | Learned a level 3 spell: Frozen Ramparts
  2109 | D:2      | Learned a level 3 spell: Ozocubu's Armour
  2635 | D:3      | Reached skill level 5 in Ice Magic
  2790 | D:3      | Found a shadowy altar of Dithmenos.
  2818 | D:3      | Reached XP level 4. HP: 11/24 MP: 4/12
  2993 | D:3      | Reached skill level 4 in Dodging
  3345 | D:3      | Reached XP level 5. HP: 17/28 MP: 7/13
  3348 | D:3      | You fall into a shaft and drop 2 floors!
  3348 | D:5      | Entered Level 5 of the Dungeon
  3598 | D:5      | Noticed Sigmund
  3611 | D:5      | Killed Sigmund
  3612 | D:5      | Reached skill level 5 in Dodging
  3612 | D:5      | Reached XP level 6. HP: 10/32 MP: 8/14
  4419 | D:3      | Found an opulent altar of Gozag.
  4425 | D:3      | Found a shimmering blue altar of Sif Muna.
  4623 | D:4      | Reached skill level 6 in Dodging
  4958 | D:4      | Reached XP level 7. HP: 36/36 MP: 7/15
  5050 | D:4      | Found a stormy altar of Qazlal.
  5633 | D:4      | Found a snail-covered altar of Cheibriados.
  5635 | D:4      | Found an opulent altar of Gozag.
  5635 | D:4      | Found a stormy altar of Qazlal.
  5972 | D:4      | Found a radiant altar of Vehumet.
  5972 | D:4      | Found a shimmering altar of Xom.
  5972 | D:4      | Found a shimmering blue altar of Sif Muna.
  6008 | D:4      | Reached skill level 7 in Dodging
  6134 | D:4      | Found a snail-covered altar of Cheibriados.
  6250 | D:5      | Noticed Blork the orc
  6251 | D:5      | Noticed Menkaure
  6259 | D:5      | Killed Blork the orc
  6263 | D:5      | Killed Menkaure
  6441 | D:5      | Reached skill level 8 in Dodging
  6441 | D:5      | Reached XP level 8. HP: 29/41 MP: 0/16
  6753 | D:5      | Noticed Grinder
  6793 | D:5      | Paralysed by Grinder for 2 turns
  6796 | D:5      | Killed Grinder
  7238 | D:5      | Found Kiebick's Antique Weapon Shoppe.
  7514 | D:5      | Found a basalt altar of Yredelemnul.
  7639 | D:5      | Reached skill level 9 in Dodging
  7951 | D:6      | Learned a level 4 spell: Summon Ice Beast
  8004 | D:6      | Reached skill level 1 in Summonings
  8155 | D:6      | Found a sparkling altar of Nemelex Xobeh.
  8172 | D:6      | Reached skill level 10 in Dodging
  8403 | D:6      | Reached XP level 9. HP: 31/45 MP: 13/17
  9295 | D:6      | Noticed a moth of wrath
  9298 | D:6      | Found a bloodstained altar of Trog.
  9648 | D:7      | Found a staircase to the Ecumenical Temple.
  9669 | Temple   | Entered the Ecumenical Temple
  9797 | Temple   | Became a worshipper of Ashenzari the Shackled
  9932 | D:7      | Reached skill level 5 in Summonings
 10042 | D:7      | Found a sacrificial altar of Ru.
 10206 | D:7      | Noticed a red ugly thing
 10215 | D:7      | Reached skill level 11 in Dodging
 10217 | D:7      | Killed a red ugly thing
 10396 | D:7      | Found a burning altar of Makhleb.
 10720 | D:7      | Reached skill level 1 in Fighting
 10917 | D:8      | Reached skill level 12 in Dodging
 11132 | D:8      | Noticed a wizard
 11143 | D:8      | Killed a wizard
 11144 | D:8      | Reached XP level 10. HP: 54/54 MP: 0/18
 11269 | D:8      | Noticed Joseph
 11279 | D:8      | Killed Joseph
 11523 | D:8      | Noticed Erica
 11530 | D:8      | Noticed Grum
 11547 | D:8      | Killed Grum
 12053 | D:8      | Slain by Erica

Illustrated notes

Levels and vault maps discovered:
D:1:      lightli_molten_gateway, layout_basic
D:2:      layout_loops_ring
D:3:      layout_loops_cross, nicolae_overflow_crystal_walls,
          chequers_temple_overflow_statue_of_worship, minmay_distorted
D:4:      layout_cave_pools, cheibriados_altar_1,
          nicolae_qazlal_general_emergency, doesnt_xom_only_xom
D:5:      layout_basic, yredelemnul_forgotten_temple_becter, serial_shops, shop,
          uniq_menkaure, uniq_sigmund, uniq_blork_the_orc, uniq_grinder
D:6:      minmay_evil_eye, layout_cave_pools, tgw_trog, grunt_ministairs_1,
          lemuel_altar_in_water
D:7:      layout_rooms, hangedman_ru_absence, demons_altar,
          minmay_temple_entry_proselytizer, kennysheep_dice
D:8:      cheibrodos_wizards_tower, layout_loops_ring,
          grunt_lair_entry_orc_guard_hut, uniq_grum, uniq_pikel, uniq_erica,
          uniq_joseph
Temple:   compressed_dpeg_circular_temple

Skill      XL: |  1  2  3  4  5  6  7  8  9 10 |
---------------+-------------------------------+-----
Dodging        | 3 4 5 6 8 10 12 | 12.6
Spellcasting   | 4 |  4.0
Ice Magic      | 5 6 7 8 9 |  9.2
Summonings     | 3 6 |  6.0
Fighting       | 2 3 |  3.5
Stealth        | |  2.4

Action                   |  1- 3 |  4- 6 |  7- 9 | 10-12 || total
-------------------------+-------+-------+-------+-------++-------
Melee: Unarmed           |     2 |       |       |       ||     2
       Dagger            |    28 |       |   191 |    28 ||   247
       Staff             |    17 |    51 |   127 |       ||   195
       Short sword       |     3 |       |    15 |       ||    18
Throw: Dart              |       |     4 |       |       ||     4
 Cast: Freeze            |    61 |    36 |    85 |    12 ||   194
       Frozen Ramparts   |       |     6 |    30 |     4 ||    40
       Ozocubu's Armour  |       |     4 |    37 |     4 ||    45
       Summon Ice Beast  |       |       |    11 |     5 ||    16
Invok: Curse Item        |       |       |     4 |       ||     4
Evoke: Wand              |       |       |       |     1 ||     1
  Use: Scroll            |     4 |       |    14 |     2 ||    20
       Potion            |       |     2 |     2 |     1 ||     5
 Stab: Sleeping          |    11 |     4 |     4 |     1 ||    20
       Distracted        |       |       |     1 |       ||     1
Armor: Robe              |    16 |    13 |    90 |     9 ||   128
Dodge: Dodged            |    54 |    68 |   371 |    53 ||   546
